 Dungeon Crawl Stone Soup version 0.20.1-1-g8b1a95d (webtiles) character file.

2909 n0claF the Cudgeler (level 9, -9/87 HPs)
             Began as a Troll Fighter on Oct 30, 2017.
             Was a Believer of Okawaru.
             Mangled by Gastronok (29 damage)
             ... on level 8 of the Dungeon.
             The game lasted 00:17:57 (5332 turns).

n0claF the Cudgeler (Troll Fighter)                 Turns: 5332, Time: 00:17:57

Health: -9/87      AC: 13    Str: 29    XL:     9   Next: 49%
Magic:  7/8        EV: 11    Int:  4    God:    Okawaru [**....]
Gold:   423        SH: 10    Dex: 13    Spells: 8/8 levels left

rFire    + . .     SeeInvis .   G - +1 flail (protect)
rCold    . . .     Gourm    +   c - +0 shield
rNeg     . . .     Faith    .   v - +1 animal skin
rPois    .         Spirit   .   (helmet restricted)
rElec    .         Reflect  .   (no cloak)
rCorr    .         Harm     .   (gloves unavailable)
MR       .....                  (boots unavailable)
Stlth    ++........             q - amulet of rage
Regen    0.7/turn               j - +4 ring of dexterity
MPRegen  0.2/turn               E - ring of protection from fire

@: protection aura
A: unfitting armour, claws 3, fast metabolism 3, gourmand, regeneration 1,
shaggy fur 1, tough skin 2
a: Heroism, Renounce Religion, Evoke Berserk Rage


You were on level 8 of the Dungeon.
You worshipped Okawaru.
Okawaru was pleased with you.
You were not hungry.

You visited 1 branch of the dungeon, and saw 8 of its levels.

You collected 423 gold pieces.

Inventory:

Hand Weapons
 g - a +1 hand axe of chopping
 G - a +1 flail of protection (weapon)
Armour
 b - a +0 robe
 c - a +0 shield (worn)
 v - a +1 animal skin (worn)
Jewellery
 j - a +4 ring of dexterity (left claw)
 n - an uncursed ring of fire
 q - an amulet of rage (around neck)
 r - an uncursed ring of stealth
 z - an uncursed ring of poison resistance
 A - an uncursed ring of wizardry
 E - a ring of protection from fire (right claw)
 F - an uncursed amulet of guardian spirit
 H - an uncursed amulet of faith
 Q - an uncursed ring of wizardry
Scrolls
 a - 2 scrolls of blinking {unknown}
 e - 6 scrolls of remove curse {unknown}
 h - 2 scrolls of noise {unknown}
 k - 6 scrolls of identify {unknown}
 l - 3 scrolls of amnesia {unknown}
 o - 2 scrolls of fear {unknown}
 p - 2 scrolls of fog {unknown}
 t - 2 scrolls of enchant armour {unknown}
 x - 3 scrolls of recharging {unknown}
 y - a scroll of immolation {unknown}
 C - a scroll of random uselessness {unknown}
 I - a scroll of teleportation {unknown}
 J - 4 scrolls of brand weapon {unknown}
 P - a scroll of enchant weapon {unknown}
Potions
 d - 5 potions of might
 m - a potion of resistance {unknown}
 s - 3 potions of brilliance {unknown}
 u - 2 potions of berserk rage {unknown}
 w - 4 potions of curing {unknown}
 B - a potion of ambrosia {unknown}
 D - 2 potions of magic {unknown}
 K - a potion of heal wounds {unknown}
 M - a potion of degeneration {unknown}
 O - a potion of agility {unknown}
Books
 L - a book of Necromancy

   Spells                             Type                      Level
   a - Pain                           Necromancy                   1
   b - Animate Skeleton               Necromancy                   1
   c - Vampiric Draining              Necromancy                   3
   d - Regeneration                   Charms/Necromancy            3
   e - Animate Dead                   Necromancy                   4
   f - Control Undead                 Necromancy                   4
Comestibles
 f - 8 bread rations
 i - 6 meat rations
 N - 2 royal jellies


   Skills:
 + Level 4.9 Fighting
 + Level 4.1(5.5) Axes
 + Level 6.1(6.8) Maces & Flails
 + Level 5.1 Dodging
 + Level 2.3 Stealth
 + Level 5.0 Shields
 + Level 1.2 Evocations


You had 8 spell levels left.
You didn't know any spells.

Dungeon Overview and Level Annotations

Branches:
Dungeon (8/15)             Temple (0/1) D:6
   Lair: D:8-11

Altars:
Cheibriados
Elyvilon
Kikubaaqudgha
Okawaru
Vehumet
Yredelemnul
The Shining One

Annotations:
D:3 exclusion: player ghost
D:8 Gastronok, Prince Ribbit


Innate Abilities, Weirdness & Mutations

You are too large for most types of armour.
You have claws for hands.
Your metabolism is lightning-fast.
You like to eat raw meat.
Your natural rate of healing is unusually fast.
You are covered in fur. (AC +1)
You have very tough skin. (AC +2)


Message History

Unknown command.
Unknown command.
You are too injured to fight recklessly!
You are too injured to fight recklessly!
You feel like a meek peon again.
You sock Gastronok!
Gastronok is lightly wounded.
You hit Gastronok.
Gastronok is lightly wounded.
Gastronok bites you!
You sock Gastronok!
Gastronok is lightly wounded.
You hit Gastronok but do no damage.
Gastronok is lightly wounded.
Gastronok bites you!
* * * LOW HITPOINT WARNING * * *
You sock Gastronok!
Gastronok is moderately wounded.
Gastronok bites you!!
You die...

#########
#.......#
#.>.....#
?........
#....[..#
#.......#
#w?...$.#
#@......#
#.).....#
####.#######
##....#
#######..####
......#.#####
#.......#
###.####.#
###...#


You could see Gastronok.

Vanquished Creatures
  A two-headed ogre (D:8)
  The ghost of n0claF the Cudgeler, a novice GrGl (D:4)
  Edmund (D:5)
  A black bear (D:7)
  2 ice beasts
  3 ogres
  2 phantoms
  A necrophage (D:7)
  2 centaurs
  3 bullfrogs
  A scorpion (D:7)
  The ghost of Doodlejackbod the Twirler, a weakling DsGl (D:3)
  A howler monkey (D:6)
  2 crimson imps
  2 hounds (D:5)
  2 orc wizards (D:5)
  A gnoll shaman (D:7)
  An orc priest (D:7)
  2 iguanas
  3 worker ants
  A hound skeleton (D:6)
  A howler monkey zombie (D:5)
  Robin (D:2)
  10 gnolls
  4 adders
  An ooze (D:2)
  3 worms
  2 dart slugs
  A leopard gecko (D:7)
  13 orcs
  A ball python (D:7)
  6 bats
  9 giant cockroaches
  14 goblins
  4 hobgoblins
  2 quokkas
  7 frilled lizards
  A giant cockroach zombie (D:5)
  6 kobolds
  2 leopard gecko skeletons
  A leopard gecko zombie (D:7)
  7 rats
130 creatures vanquished.

Notes
Turn   | Place    | Note
-------+----------+-------------------------------------------
     0 | D:1      | n0claF the Troll Fighter began the quest for the Orb.
     0 | D:1      | Reached XP level 1. HP: 22/22 MP: 0/0
   180 | D:1      | Reached XP level 2. HP: 29/29 MP: 1/1
   791 | D:2      | Reached XP level 3. HP: 36/36 MP: 2/2
  1344 | D:2      | Found a radiant altar of Vehumet.
  1344 | D:2      | Found a snail-covered altar of Cheibriados.
  1349 | D:2      | Found a white marble altar of Elyvilon.
  1349 | D:2      | Noticed Robin
  1352 | D:2      | Reached skill level 1 in Axes
  1365 | D:2      | Killed Robin
  1365 | D:2      | Reached XP level 4. HP: 44/44 MP: 3/3
  1366 | D:2      | Found a faded altar of an unknown god.
  1375 | D:2      | Found a faded altar of an unknown god.
  1650 | D:3      | Noticed Doodlejackbod's ghost (weakling DsGl)
  1667 | D:3      | Killed Doodlejackbod's ghost
  1873 | D:3      | Found a basalt altar of Yredelemnul.
  2339 | D:4      | Noticed n0claF's ghost (novice GrGl)
  2407 | D:4      | Reached XP level 5. HP: 53/53 MP: 4/4
  2451 | D:4      | Killed n0claF's ghost
  2451 | D:4      | Reached skill level 1 in Stealth
  2451 | D:4      | Reached XP level 6. HP: 55/61 MP: 5/5
  3076 | D:5      | Entered Level 5 of the Dungeon
  3291 | D:5      | Noticed Edmund
  3304 | D:5      | Reached XP level 7. HP: 55/67 MP: 6/6
  3315 | D:5      | Killed Edmund
  3315 | D:5      | Reached skill level 1 in Evocations
  3652 | D:5      | Reached skill level 2 in Maces & Flails
  3673 | D:6      | Reached XP level 8. HP: 78/78 MP: 7/7
  3745 | D:6      | Found an ancient bone altar of Kikubaaqudgha.
  3805 | D:6      | Found a basalt altar of Yredelemnul.
  3880 | D:6      | Found an iron altar of Okawaru.
  3889 | D:6      | Became a worshipper of Warmaster Okawaru
  3987 | D:6      | Reached skill level 3 in Maces & Flails
  4141 | D:6      | Found a staircase to the Ecumenical Temple.
  4350 | D:7      | Reached skill level 4 in Maces & Flails
  4358 | D:7      | Reached * piety under Okawaru
  4651 | D:7      | Reached skill level 5 in Maces & Flails
  4708 | D:7      | Reached XP level 9. HP: 79/85 MP: 8/8
  4867 | D:7      | Found an ancient bone altar of Kikubaaqudgha.
  5235 | D:8      | Noticed Prince Ribbit
  5267 | D:8      | Found a glowing golden altar of the Shining One.
  5313 | D:8      | Noticed a two-headed ogre
  5314 | D:8      | Noticed Gastronok
  5325 | D:8      | Killed a two-headed ogre
  5325 | D:8      | Reached ** piety under Okawaru
  5325 | D:8      | Reached skill level 6 in Maces & Flails
  5325 | D:8      | Reached skill level 5 in Dodging
  5325 | D:8      | Reached skill level 5 in Shields
  5332 | D:8      | Mangled by Gastronok

Skill      XL: |  1  2  3  4  5  6  7  8  9 |
---------------+----------------------------+-----
Axes           | 1 2 3 4 |  4.1
Dodging        | 3 4 5 |  5.1
Fighting       | 3 4 |  4.9
Stealth        | 1 2 |  2.3
Shields        | 3 4 5 |  5.0
Evocations     | 1 |  1.2
Maces & Flails | 2 5 6 |  6.1

Action                   |  1- 3 |  4- 6 |  7- 9 || total
-------------------------+-------+-------+-------++-------
Melee: Hand axe          |    97 |   106 |    11 ||   214
       Flail             |     6 |       |   254 ||   260
Invok: Heroism           |       |       |     1 ||     1
 Abil: Evoke Berserk Rag |     1 |     3 |     1 ||     5
 Stab: Sleeping          |     2 |     2 |     5 ||     9
       Distracted        |       |       |     1 ||     1
  Eat: Chunk             |     9 |     6 |    21 ||    36
       Fruit             |       |     2 |     1 ||     3
       Bread ration      |       |     2 |       ||     2
       Meat ration       |       |     1 |       ||     1
Armor: Robe              |    27 |    12 |       ||    39
       Animal skin       |       |    10 |   108 ||   118
Dodge: Dodged            |    27 |    30 |   111 ||   168
Block: Shield            |    52 |    55 |   172 ||   279
